 Dungeon Crawl Stone Soup version 0.23.2-1-ga50397a (webtiles) character file.

Game seed: 7013200295386763048

4307 funkygono the Geomancer (level 10, -3/56 HPs)
             Began as a Gargoyle Earth Elementalist on May 8, 2019.
             Was an Initiate of Vehumet.
             Shot with a sling bullet by Joseph (16 damage)
             ... on level 8 of the Dungeon.
             The game lasted 00:25:35 (8190 turns).

funkygono the Geomancer (GrEE)                      Turns: 8190, Time: 00:25:35

Health: -3/56      AC: 12    Str: 13    XL:     10   Next: 32%
Magic:  5/20       EV:  9    Int: 18    God:    Vehumet [......]
Gold:   413        SH: 12    Dex: 10    Spells: 11/23 levels left

rFire    + . .     SeeInvis .   u - +8 flail (crush)
rCold    x . .     Gourm    +   w - +3 shield
rNeg     + . .     Faith    .   q - +0 leather armour
rPois    ∞         Spirit   .   (no helmet)
rElec    +         Reflect  .   (no cloak)
rCorr    .         Harm     .   (no gloves)
MR       .....                  f - +0 pair of boots
Stlth    ++........             A - amulet of the gourmand
HPRegen  0.18/turn              i - ring of fire
MPRegen  0.17/turn              z - ring of wizardry

@: no status effects
A: negative energy resistance 1, electricity resistance, unbreathing,
petrification resistance, rot immunity, AC +7
a: Renounce Religion


You were on level 8 of the Dungeon.
You worshipped Vehumet.
Vehumet was noncommittal.
You were completely stuffed.

You visited 2 branches of the dungeon, and saw 9 of its levels.
You also visited: Ossuary.

You collected 413 gold pieces.

Inventory:

Hand Weapons
 u - a +8 flail of crushing (weapon)
 D - a +2 mace of holy wrath
Missiles
 b - 263 stones (quivered)
Armour
 c - a +1 robe
 f - a +0 pair of boots (worn)
 q - a +0 leather armour (worn)
 w - a +3 shield (worn)
Jewellery
 i - a ring of fire (left hand)
 j - a +4 ring of dexterity
 z - a ring of wizardry (right hand)
 A - an amulet of the gourmand (around neck)
Wands
 s - a wand of random effects (28)
 t - a wand of polymorph (8)
Scrolls
 e - 2 scrolls of magic mapping
 h - 7 scrolls of teleportation
 n - 2 scrolls of immolation
 p - 6 scrolls of remove curse
 B - a scroll of amnesia
Potions
 g - 3 potions of mutation
 k - 2 potions of agility
 l - 2 potions of haste
 m - 4 potions of curing
 o - 2 potions of flight {unknown}
 r - 2 potions of ambrosia
 v - a potion of lignification {unknown}
 x - 2 potions of heal wounds
 C - 2 potions of brilliance
Comestibles
 a - a chunk of flesh
 d - 11 rations


   Skills:
 + Level 3.2 Fighting
 + Level 5.5 Maces & Flails
 * Level 5.3 Armour
 - Level 1.5 Dodging
 + Level 3.6 Stealth
 * Level 5.1 Shields
 + Level 7.1 Spellcasting
 + Level 4.1 Conjurations
   Level 0.7 Transmutations
 + Level 9.0 Earth Magic


You had 11 spell levels left.
You knew the following spells:

 Your Spells              Type           Power        Failure   Level  Hunger
a - Sandblast             Erth           #####.       1%          1    None
b - Stone Arrow           Conj/Erth      ####..       4%          3    ##.....
c - Lee's Rapid Deconstr  Erth           #####.....   13%         5    #####..
d - Flame Tongue          Conj/Fire      ###..        9%          1    None
e - Throw Flame           Conj/Fire      ###...       12%         2    None

Your spell library contained the following spells:

 Spells                   Type           Power        Failure   Level  Hunger
 Passwall                 Tmut/Erth      ###.....     4%          2    None
 Conjure Flame            Conj/Fire      ###.....     24%         3    ##.....
 Petrify                  Tmut/Erth      ###.....     26%         4    ####...
 Inner Flame              Hex/Fire       #.......     47%         3    ##.....
 Sticky Flame             Conj/Fire      ###.....     58%         4    ####...
 Fireball                 Conj/Fire      ###.......   89%         5    #####..


Dungeon Overview and Level Annotations

Branches:
Dungeon (8/15)             Temple (1/1) D:7            Lair (0/6) D:8

Altars:
Ashenzari
Cheibriados
Dithmenos
Elyvilon
Fedhas
Gozag
Hepliaklqana
Kikubaaqudgha
Makhleb
Nemelex Xobeh
Okawaru
Ru
Sif Muna
Trog
Uskayaw
Vehumet
Wu Jian
Xom
Yredelemnul
Zin
The Shining One

Shops:
D:5 *

Annotations:
D:8 Joseph


Innate Abilities, Weirdness & Mutations

You are resistant to torment.
Your stone body is resilient. (AC +7)
You are immune to poison.
You resist negative energy. (rN+)
You are resistant to electric shocks. (rElec)
You can survive without breathing.
You are immune to petrification.
You are immune to rotting.


Message History

Joseph hits you with a +0 quarterstaff!
You sock Joseph!
Joseph is severely wounded.
Joseph hits you with a +0 quarterstaff!
* * * LOW HITPOINT WARNING * * *
You hit Joseph but do no damage.
Joseph is severely wounded.
You block Joseph's attack.
Casting: Sandblast (safe; 1% risk of failure)
Confirm with . or Enter, or press ? or * to list all spells.
Aiming: Sandblast (safe; 1% risk of failure)
Press: ? - help, Shift-Dir - straight line, f/p - Joseph
Aim: Joseph, wielding a +0 quarterstaff, wearing a +3 leather armour of cold resistance and carrying a wand of acid (9) (severely wounded)
The blast of sand hits Joseph but does no damage.
Joseph is severely wounded.
b - 263 stones You block Joseph's attack.
Joseph unwields a +0 quarterstaff.
Joseph wields a +5 hunting sling.
Joseph shoots a sling bullet.
The sling bullet hits you!
You die...

# #. ###
.#.#..####.#
......O@.@<#
####.#.###.# ...
#.# #.#####.###
#.........########
#..#.............#
#................#
#.#..............#
#
#................#


You could see Joseph and an ogre.

Vanquished Creatures
  Harold (D:7)
  A basilisk (D:8)
  Edmund (D:4)
  3 porcupines
  An orc warrior (D:6)
  3 phantoms
  2 sky beasts
  An ice beast (D:8)
  An ogre (D:8)
  4 wolves
  A centaur (D:6)
  3 crocodiles
  4 bullfrogs
  A wyvern zombie (Ossuary)
  2 scorpions (D:4)
  4 wights (D:7)
  2 howler monkeys
  2 crimson imps
  A bullfrog zombie (Ossuary)
  2 centaur zombies (Ossuary)
  4 hounds
  A jelly (D:6)
  10 mummies (Ossuary)
  A gnoll shaman (D:6)
  An orc priest (D:6)
  An orc wizard (D:6)
  Ijyb (D:4)
  A worker ant (D:6)
  A killer bee zombie (Ossuary)
  5 hound zombies
  A hound skeleton (D:4)
  3 worker ant zombies
  3 gnolls (D:6)
  7 adders
  3 shadow imps
  An adder skeleton (D:8)
  3 adder zombies (Ossuary)
  4 worms
  4 dart slugs
  6 leopard geckos
  24 orcs
  2 ball pythons
  13 giant cockroaches
  12 goblins
  9 hobgoblins
  8 jackals
  3 quokkas
  5 bats
  6 frilled lizards
  A giant cockroach zombie (Ossuary)
  4 jackal zombies (Ossuary)
  8 kobolds
  A leopard gecko zombie (Ossuary)
  2 quokka zombies (Ossuary)
  7 rats
  A plant (D:1)
207 creatures vanquished.

Vanquished Creatures (others)
  2 fungi (D:8)
2 creatures vanquished.

Grand Total: 209 creatures vanquished

Notes
Turn   | Place    | Note
-------+----------+-------------------------------------------
     0 | D:1      | funkygono the Gargoyle Earth Elementalist began the quest
                  | for the Orb.
     0 | D:1      | Reached XP level 1. HP: 10/10 MP: 3/3
   158 | D:1      | Reached XP level 2. HP: 15/15 MP: 1/5
   159 | D:1      | Reached skill level 4 in Earth Magic
   637 | D:1      | Reached XP level 3. HP: 19/19 MP: 3/6
   642 | D:1      | Learned a level 3 spell: Stone Arrow
  1322 | D:2      | Reached XP level 4. HP: 24/24 MP: 1/8
  1948 | D:2      | Reached skill level 1 in Maces & Flails
  2072 | D:2      | Reached XP level 5. HP: 28/28 MP: 3/10
  2079 | D:2      | Learned a level 5 spell: Lee's Rapid Deconstruction
  2481 | D:3      | Reached skill level 5 in Earth Magic
  2984 | D:4      | Noticed Ijyb
  3045 | D:4      | Killed Ijyb
  3045 | D:4      | Reached skill level 1 in Conjurations
  3375 | D:4      | Reached XP level 6. HP: 33/33 MP: 7/11
  3514 | D:4      | Noticed Edmund
  3524 | D:4      | Killed Edmund
  3524 | D:4      | Reached skill level 1 in Fighting
  3649 | D:4      | Reached skill level 1 in Armour
  4067 | D:5      | Entered Level 5 of the Dungeon
  4070 | D:5      | Reached skill level 6 in Earth Magic
  4070 | D:5      | Reached XP level 7. HP: 32/38 MP: 6/13
  4553 | D:5      | Found a sand-covered staircase.
  4559 | Ossuary  | Entered an ossuary
  4576 | Ossuary  | Reached skill level 1 in Shields
  4724 | Ossuary  | Reached XP level 8. HP: 42/43 MP: 4/14
  5036 | D:5      | Found Tualaaha's Assorted Antiques.
  5164 | D:6      | Reached skill level 5 in Spellcasting
  5164 | D:6      | Reached skill level 7 in Earth Magic
  5513 | D:6      | Reached XP level 9. HP: 49/49 MP: 1/17
  6298 | D:7      | Noticed Harold
  6325 | D:7      | Killed Harold
  6325 | D:7      | Reached skill level 5 in Maces & Flails
  6325 | D:7      | Reached skill level 8 in Earth Magic
  6888 | D:7      | Found a staircase to the Ecumenical Temple.
  6894 | Temple   | Entered the Ecumenical Temple
  6998 | Temple   | Became a worshipper of Vehumet
  7623 | D:8      | Reached skill level 5 in Armour
  7623 | D:8      | Reached XP level 10. HP: 56/56 MP: 16/20
  7840 | D:8      | Reached skill level 5 in Shields
  7974 | D:8      | Found a staircase to the Lair.
  7988 | D:8      | Learned a level 1 spell: Flame Tongue
  7991 | D:8      | Learned a level 2 spell: Throw Flame
  8062 | D:8      | Reached skill level 9 in Earth Magic
  8173 | D:8      | Noticed Joseph
  8190 | D:8      | Shot with a sling bullet by Joseph

Skill      XL: |  1  2  3  4  5  6  7  8  9 10 |
---------------+-------------------------------+-----
Earth Magic    | 4 5 6 7 8 9 |  9.0
Spellcasting   | 3 4 5 6 7 |  7.1
Maces & Flails | 1 2 3 4 5 |  5.5
Conjurations   | 1 2 3 4 |  4.1
Fighting       | 1 2 3 |  3.2
Armour         | 1 2 3 5 |  5.3
Shields        | 1 3 4 5 |  5.1
Stealth        | 3 |  3.6
Dodging        | |  1.5
Transmutations | |  0.7

Action                   |  1- 3 |  4- 6 |  7- 9 | 10-12 || total
-------------------------+-------+-------+-------+-------++-------
Melee: Club              |    86 |       |       |       ||    86
       Whip              |    51 |   115 |       |       ||   166
       Flail             |       |    12 |   179 |    37 ||   228
 Cast: Sandblast         |    30 |    36 |    52 |     7 ||   125
       Stone Arrow       |     6 |    53 |    60 |    30 ||   149
       Flame Tongue      |       |       |       |     2 ||     2
  Use: Scroll            |     6 |     5 |    11 |       ||    22
       Potion            |       |       |     3 |       ||     3
 Stab: Sleeping          |       |     1 |       |       ||     1
  Eat: Chunk             |     3 |    13 |    26 |     6 ||    48
       Ration            |       |       |     2 |       ||     2
Armor: Robe              |    17 |    26 |       |       ||    43
       Leather armour    |       |    31 |    76 |    18 ||   125
Dodge: Dodged            |    37 |    93 |    64 |    12 ||   206
Block: Shield            |       |       |    94 |    35 ||   129
